 Dungeon Crawl Stone Soup version 0.28-a0-57-g271197699b (webtiles) character file.

Game seed: 3364341367793739077

114 PentaManta the Ruffian (level 4, -3/38 HPs)
             Began as a Ghoul Monk on July 30, 2021.
             Slain by Grinder (5 damage)
             ... on level 3 of the Dungeon.
             The game lasted 00:03:05 (2104 turns).

PentaManta the Ruffian (Ghoul Monk)                 Turns: 2104, Time: 00:03:06

Health: -3/38      AC:  8    Str: 15    XL:     4   Next: 98%
Magic:  3/3        EV:  9    Int:  5    God:
Gold:   70         SH:  0    Dex: 11    Spells: 3/3 levels left

rFire   . . .      SeeInvis .     - Unarmed
rCold   + . .      Faith    .   (no shield)
rNeg    + + +      Spirit   .   f - +0 scale mail
rPois   ∞          Reflect  .   g - +2 hat
rElec   .          Harm     .   i - scarf {+Inv}
rCorr   .          Rampage  .   (no gloves)
Will    .....                   (no boots)
Stlth   ..........              (no amulet)
HPRegen 0.00/turn               (no ring)
MPRegen 0.08/turn               (no ring)

@: inhibited regen
A: claws 1, cold resistance 1, negative energy resistance 3, inhibited
regeneration, torment resistance 2
a: Evoke Invisibility


You were on level 3 of the Dungeon.
You visited 1 branch of the dungeon, and saw 3 of its levels.

You collected 106 gold pieces.
You spent 36 gold pieces at shops.

Inventory:

Missiles
 d - 14 poisoned darts (quivered)
Armour
 a - a +0 robe
 e - a +0 leather armour
 f - a +0 scale mail (worn)
 g - a +2 hat (worn)
 i - a scarf of invisibility (worn)
Scrolls
 c - a scroll of identify {unknown}
 h - 2 scrolls of teleportation
Potions
 b - a potion of lignification {unknown}
 j - a potion of degeneration {unknown}
 k - a potion of resistance {unknown}


   Skills:
 - Level 3.2 Fighting
 - Level 2.6 Dodging
 - Level 2.1 Stealth
 + Level 6.0 Unarmed Combat


You had 3 spell levels left.
You didn't know any spells.
Your spell library contained the following spells:

 Spells                   Type           Power      Damage    Failure   Level
 Freeze                   Ice            0%         1d3       92%         1
 Call Canine Familiar     Summ           0%         N/A       100%        3
 Frozen Ramparts          Ice            0%         1d2       100%        3
 Portal Projectile        Hex/Tloc       0%         N/A       100%        3
 Hailstorm                Conj/Ice       0%         3d3       100%        4
 Leda's Liquefaction      Hex/Erth       0%         N/A       100%        4


Dungeon Overview and Level Annotations

Branches:
Dungeon (3/15)

Altars:

Shops:
D:1 [   D:2 ?

Annotations:
D:3 Grinder


Innate Abilities, Weirdness & Mutations

You thrive by killing the living.
You are immune to poison.
You have sharp fingernails.
Your flesh is cold resistant. (rC+)
You are immune to negative energy. (rN+++)
You do not regenerate when monsters are visible.
You are immune to unholy pain and torment.


Message History

You scratch Grinder but do no damage.
Grinder is severely wounded.
Grinder gestures at you.
You suddenly lose the ability to move!
Grinder gestures at you.
You shrug off the repeated paralysis!
Grinder hits you but does no damage. Grinder hits you.
Grinder blinks!
You can move again.
Grinder hits you but does no damage.
Your scale mail prevents you from hitting Grinder.
Grinder is severely wounded.
Grinder closely misses you.
You barely miss Grinder.
Grinder is severely wounded.
Grinder hits you.
You completely miss Grinder.
Grinder is severely wounded.
Grinder closely misses you.
You scratch Grinder.
Grinder is almost dead.
Grinder gestures at you.
You suddenly lose the ability to move!
Grinder says, "There's only one good use for a tongue: cutting it out."
Grinder hits you!
* * * LOW HITPOINT WARNING * * *
Grinder hits you.
* * * LOW HITPOINT WARNING * * *
Grinder hits you but does no damage. x2
You can move again.
Unknown command.
You scratch Grinder but do no damage.
Grinder is almost dead.
Grinder hits you.
* * * LOW HITPOINT WARNING * * *
You scratch Grinder.
Grinder is almost dead.
Grinder hits you.
You die...

#######.####....###
#.##..# #.#
##.#.#####.##..# #<#
#.#............ #.#
#.#######.##††# #.#
#.# #.##..# #.# .#
###.##..# #..
.........
#..############.###.#
#...@5....#....)###.#
##.######...........#
#. ###.######### #.
#.# # #. #.# # #. #.#
# #. #.# # #. #.! .
#.. #


You could see Grinder.

Vanquished Creatures
  3 gnolls
  4 adders (D:3)
  A dart slug (D:2)
  3 ball pythons
  5 endoplasms
  A giant cockroach (D:2)
  6 goblins
  7 hobgoblins
  4 jackals
  A quokka (D:2)
  4 bats
  3 frilled lizards
  5 rats
47 creatures vanquished.

Notes
Turn   | Place    | Note
-------+----------+-------------------------------------------
     0 | D:1      | PentaManta the Ghoul Monk began the quest for the Orb.
     0 | D:1      | Reached XP level 1. HP: 19/19 MP: 0/0
   217 | D:1      | Reached XP level 2. HP: 26/26 MP: 1/1
   258 | D:1      | Found Deuh's Armour Shoppe.
   331 | D:1      | Reached skill level 4 in Unarmed Combat
   488 | D:1      | Found a faded altar of an unknown god.
   626 | D:1      | Reached XP level 3. HP: 28/31 MP: 2/2
  1012 | D:2      | Found Lekhoucs's Magic Scroll Emporium.
  1028 | D:2      | Bought a scroll of teleportation for 36 gold pieces
  1268 | D:3      | Reached skill level 5 in Unarmed Combat
  1279 | D:3      | Reached XP level 4. HP: 26/38 MP: 3/3
  1978 | D:3      | Reached skill level 6 in Unarmed Combat
  2070 | D:3      | Noticed Grinder
  2089 | D:3      | Paralysed by Grinder for 4 turns
  2098 | D:3      | Paralysed by Grinder for 4 turns
  2104 | D:3      | Slain by Grinder

Illustrated notes

Levels and vault maps discovered:
D:1:      dpeg_arrival_tiny_j, layout_loops_ring, basic_ecumenical_altar,
          serial_shops, shop
D:2:      layout_basic, serial_shops, nicolae_lakefront_shop
D:3:      layout_loops_ring, lemuel_crystal_altar,
          gammafunk_temple_overflow_forgotten, uniq_grinder

Skill      XL: |  1  2  3  4 |
---------------+-------------+-----
Unarmed Combat | 4 5 6 |  6.0
Fighting       | |  3.2
Dodging        | |  2.6
Stealth        | |  2.1

Action                   |  1- 3 |  4- 6 || total
-------------------------+-------+-------++-------
Melee: Unarmed           |    89 |    58 ||   147
       Punch             |     3 |     3 ||     6
 Stab: Sleeping          |     1 |       ||     1
Armor: Robe              |     7 |       ||     7
       Scale mail        |    22 |    26 ||    48
Dodge: Dodged            |    61 |    28 ||    89

Table legend: (Time is in decaauts)
 A = Elapsed time spent in this place.
 B = Non-inter-level travel time spent in this place.
 C = Inter-level travel time spent in this place.
 D = Time resting spent in this place.
 E = Time spent auto-exploring this place.
 F = Levels seen in this place.
 G = Mean time per level.
                   A        B        C        D        E       F      G
               +--------+--------+--------+--------+--------+-----+--------+
         Total |   2094 |   2037 |     57 |    311 |   1357 |   3 |  698.0 |
       Dungeon |   2094 |   2037 |     57 |    311 |   1357 |   3 |  698.0 |
               +--------+--------+--------+--------+--------+-----+--------+

Top non-repeatable levels by time:
     D:2: 913 daAuts
     D:1: 870 daAuts
     D:3: 310 daAuts
